 Dungeon Crawl Stone Soup version 0.22-a0-422-g9628fc8 (webtiles) character file.

163 KristoblXynda the Ruffian (level 5, 0/45 HPs)
             Began as a Troll Wizard on May 21, 2018.
             Slain by an orc
             ... wielding a +0 trident
              (6 damage)
             ... on level 4 of the Dungeon on May 22, 2018.
             The game lasted 00:06:39 (2023 turns).

KristoblXynda the Ruffian (Troll Wizard)            Turns: 2023, Time: 00:06:40

Health: 0/45       AC:  5    Str: 20    XL:     5   Next: 20%
Magic:  7/7        EV:  9    Int: 15    God:
Gold:   207        SH:  0    Dex:  8    Spells: 7/8 levels left

rFire    . . .     SeeInvis .     - Unarmed
rCold    . . .     Gourm    +   (no shield)
rNeg     . . .     Faith    .   a - +0 robe
rPois    .         Spirit   .   b - +0 hat
rElec    .         Reflect  .   (no cloak)
rCorr    .         Harm     .   (gloves unavailable)
MR       .....                  (boots unavailable)
Stlth    +.........             (no amulet)
HPRegen  0.55/turn              (no ring)
MPRegen  0.10/turn              (no ring)

@: mighty
A: large, unfitting armour, claws 3, fast metabolism 3, gourmand, regeneration
1, shaggy fur 1, tough skin 2
a: no special abilities


You were on level 4 of the Dungeon.
You were very full.

You visited 1 branch of the dungeon, and saw 4 of its levels.

You collected 207 gold pieces.

Inventory:

Armour
 a - a +0 robe (worn)
 b - a +0 hat (worn)
Scrolls
 c - 4 scrolls of remove curse {unknown}
 e - a scroll of identify {unknown}
 h - 3 scrolls of random uselessness {unknown}
 i - 2 scrolls of teleportation {unknown}
 j - a scroll of enchant armour {unknown}
 l - a scroll of immolation {unknown}
 n - a scroll of fear {unknown}
 r - a scroll of amnesia {unknown}
Potions
 g - a potion of lignification {unknown}
 k - a potion of might
 m - a potion of degeneration {unknown}
 o - a potion of mutation {unknown}
 p - a potion of haste {unknown}
 q - a potion of ambrosia {unknown}
 s - a potion of flight {unknown}
Comestibles
 d - 8 rations


   Skills:
 - Level 1.5 Dodging
 - Level 1.0 Stealth
 * Level 3.3 Unarmed Combat
 - Level 2.0 Spellcasting
 * Level 2.7 Conjurations
   Level 0.6 Summonings
   Level 0.6 Translocations


You had 7 spell levels left.
You knew the following spells:

 Your Spells              Type           Power        Failure   Level  Hunger
a - Magic Dart            Conj           #...         8%          1    #......

Your spell library contained the following spells:

 Spells                   Type           Power        Failure   Level  Hunger
 Conjure Flame            Conj/Fire      #.......     36%         3    ###....
 Slow                     Hex            #.......     32%         2    ###....
 Mephitic Cloud           Conj/Pois/Air  #.......     43%         3    ###....
 Blink                    Tloc           N/A          26%         2    ###....
 Call Imp                 Summ           #.......     26%         2    ###....


Dungeon Overview and Level Annotations

Branches:
Dungeon (4/15)
 Temple: D:4-7

Altars:
Dithmenos
Xom


Innate Abilities, Weirdness & Mutations

You are too large for most types of armour.
You have claws for hands.
Your metabolism is lightning-fast.
You like to eat raw meat.
Your natural rate of healing is unusually fast.
You are covered in fur. (AC +1)
You have very tough skin. (AC +2)


Message History

The bullfrog skeleton is heavily damaged.
The bullfrog skeleton hits you but does no damage.
The orc closely misses you.
You barely miss the bullfrog skeleton.
The bullfrog skeleton is heavily damaged.
The bullfrog skeleton hits you.
* * * LOW HITPOINT WARNING * * *
The bullfrog skeleton hits you.
* * * LOW HITPOINT WARNING * * *
The orc hits you from afar with a trident.
* * * LOW HITPOINT WARNING * * *
The orc hits you but does no damage.
It was a potion of might.
You feel very mighty all of a sudden.
The bullfrog skeleton hits you but does no damage.
The bullfrog skeleton hits you.
* * * LOW HITPOINT WARNING * * *
The frilled lizard bites you but does no damage.
The orc hits you from afar with a trident.
You die...

####### ##.
##.....##...
##...........
####............
#..).@Z.).......
#.###l#o........
#.##.o.#........
#.#§#§#§#.......
#.§§§§§§........
###.#§#§#.......
##§§§#...##...
##.#..### ##
#...##


You could see 2 orcs, a frilled lizard and a bullfrog skeleton.

Vanquished Creatures
  An orc priest (D:3)
  6 adders
  A dart slug (D:1)
  4 orcs
  13 bats
  A giant cockroach (D:1)
  13 goblins
  2 hobgoblins
  6 jackals
  6 kobolds
  3 ball pythons
  7 frilled lizards
  10 rats
73 creatures vanquished.

Notes
Turn   | Place    | Note
-------+----------+-------------------------------------------
     0 | D:1      | KristoblXynda the Troll Wizard began the quest for the Orb.
     0 | D:1      | Reached XP level 1. HP: 16/16 MP: 2/2
    74 | D:1      | Reached skill level 1 in Conjurations
    77 | D:1      | Reached skill level 1 in Unarmed Combat
   113 | D:1      | Reached XP level 2. HP: 24/24 MP: 4/4
   320 | D:1      | Reached XP level 3. HP: 31/31 MP: 5/5
   783 | D:2      | Reached skill level 2 in Unarmed Combat
  1050 | D:2      | Found a shimmering altar of Xom.
  1114 | D:2      | Reached XP level 4. HP: 30/39 MP: 6/6
  1450 | D:3      | Reached skill level 3 in Unarmed Combat
  1516 | D:3      | Reached XP level 5. HP: 43/45 MP: 7/7
  1985 | D:4      | Found a shadowy altar of Dithmenos.
  2023 | D:4      | Slain by an orc

Vault maps used:
D:1:      dpeg_arrival_chambers_temple_mockup, minivault_19
D:2:      serial_forest, infiniplex_forest_side_room,
          infiniplex_forest_diagonal, infiniplex_forest_corner_1,
          infiniplex_forest_split, infiniplex_forest_clump_diagonal,
          infiniplex_forest_corner_1, infiniplex_forest_clump_medium,
          first_ration, xom_teletrap_fun
D:4:      grunt_dithmenos_smoke_and_mirrors, gammafunk_temple_overflow_statue,
          uniq_sigmund

Skill      XL: |  1  2  3  4 |
---------------+-------------+-----
Conjurations   | 1 2 |  2.7
Unarmed Combat | 1 2 3 |  3.3
Dodging        | |  1.5
Stealth        | |  1.0
Spellcasting   | |  2.0
Summonings     | |  0.6
Translocations | |  0.6

Action                   |  1- 3 |  4- 6 || total
-------------------------+-------+-------++-------
Melee: Unarmed           |   151 |    92 ||   243
  Use: Potion            |       |     1 ||     1
 Stab: Sleeping          |       |     1 ||     1
  Eat: Chunk             |    16 |     7 ||    23
Armor: Robe              |    77 |    49 ||   126
Dodge: Dodged            |    80 |    49 ||   129

Table legend:
 A = Spawn XP
 B = Non-spawn XP
 C = Spawn XP percentage of total XP
 D = Spawn monster count
 E = Non-spawn monster count
 F = Spawn count percentage of total count
 G = Total turns spent on level
                    A         B        C        D         E        F      G
               +---------+---------+-------+---------+---------+-------+---------
         Total |       0 |     233 |   0.0 |       0 |      73 |   0.0 |  2023
               +---------+---------+-------+---------+---------+-------+---------
           D:1 |       0 |      50 |   0.0 |       0 |      31 |   0.0 |   751
           D:2 |       0 |      62 |   0.0 |       0 |      17 |   0.0 |   597
           D:3 |       0 |     118 |   0.0 |       0 |      24 |   0.0 |   637
           D:4 |       0 |       3 |   0.0 |       0 |       1 |   0.0 |    38
               +---------+---------+-------+---------+---------+-------+---------
